 Dungeon Crawl Stone Soup version 0.28.0-43-g3370ac3207 (webtiles) character file.

Game seed: 3439464504383285603

132 issech the Cudgeller (level 4, -3/44 HPs)
             Began as a Troll Monk on Mar 28, 2022.
             Slain by a wyvern zombie (10 damage)
             ... on level 3 of the Dungeon.
             The game lasted 00:09:06 (2415 turns).

issech the Cudgeller (Troll Monk)                   Turns: 2415, Time: 00:09:07

Health: -3/44      AC:  4    Str: 19    XL:     4   Next: 92%
Magic:  3/3        EV: 10    Int:  6    God:
Gold:   232        SH:  0    Dex: 14    Spells: 3/3 levels left

rFire   . . .      SeeInvis .   a - +0 mace
rCold   . . .      Faith    .   (no shield)
rNeg    . . .      Spirit   .   b - +0 robe
rPois   .          Reflect  .   (helmet restricted)
rElec   .          Harm     .   (no cloak)
rCorr   .          Rampage  .   (gloves unavailable)
Will    .....                   (boots unavailable)
Stlth   ++........              (no amulet)
HPRegen 0.94/turn               (no ring)
MPRegen 0.08/turn               (no ring)

@: no status effects
A: large, unfitting armour, claws 3, regeneration 1, shaggy fur 1, tough skin 1
a: no special abilities


You were on level 3 of the Dungeon.
You visited 1 branch of the dungeon, and saw 3 of its levels.

You collected 232 gold pieces.

Inventory:

Hand Weapons
 a - a +0 mace (weapon)
Missiles
 c - 2 boomerangs
 e - 10 poisoned darts
 f - 74 stones
 h - 24 bolts
 i - 5 javelins
 l - 4 large rocks (quivered)
Armour
 b - a +0 robe (worn)
Scrolls
 j - 2 scrolls of fog {unknown}
 n - a scroll of immolation {unknown}
Potions
 d - a potion of magic {unknown}
 g - a potion of invisibility {unknown}
 k - a potion of lignification {unknown}
 m - a potion of heal wounds {unknown}
 o - 2 potions of mutation {unknown}
 p - a potion of flight {unknown}


   Skills:
 + Level 2.9 Fighting
 + Level 4.1 Maces & Flails
 + Level 3.2 Dodging
 + Level 1.0 Stealth


You had 3 spell levels left.
You didn't know any spells.
Your spell library contained the following spells:

 Spells                   Type           Power      Damage    Failure   Level
 Magic Dart               Conj           0%         1d3       45%         1
 Call Imp                 Summ           0%         N/A       58%         2
 Mephitic Cloud           Conj/Pois/Air  0%         N/A       83%         3


Dungeon Overview and Level Annotations

Branches:
Dungeon (3/15)

Altars:
Kikubaaqudgha
Ru
Sif Muna

Shops:
D:2 (   D:3 =

Annotations:
D:2 Sigmund


Innate Abilities, Weirdness & Mutations

You are too large for most types of armour.
You have claws for hands.
Your natural rate of healing is unusually fast.
You are covered in fur. (AC +1)
You have tough skin. (AC +1)


Message History

Found 7 gold pieces.
The helpless wyvern zombie fails to defend itself.
You hit the wyvern zombie.
The wyvern zombie is lightly damaged.
The wyvern zombie barely misses you. The wyvern zombie bites you!
You hit the wyvern zombie.
The wyvern zombie is lightly damaged.
The wyvern zombie bites you.
You hit the wyvern zombie.
The wyvern zombie is moderately damaged.
The wyvern zombie closely misses you. The wyvern zombie barely misses you.
You hit the wyvern zombie.
The wyvern zombie is moderately damaged.
The wyvern zombie bites you but does no damage.
The wyvern zombie bites you.
You hit the wyvern zombie.
The wyvern zombie is heavily damaged.
The wyvern zombie bites you.
You hit the wyvern zombie.
The wyvern zombie is heavily damaged.
The wyvern zombie bites you!
The wyvern zombie bites you but does no damage.
You barely miss the wyvern zombie.
The wyvern zombie is heavily damaged.
The wyvern zombie bites you!
You hit the wyvern zombie.
The wyvern zombie is heavily damaged.
The wyvern zombie bites you. The wyvern zombie barely misses you.
You barely miss the wyvern zombie.
The wyvern zombie is heavily damaged.
The wyvern zombie bites you!
* * * LOW HITPOINT WARNING * * *
The wyvern zombie misses you.
You barely miss the wyvern zombie.
The wyvern zombie is heavily damaged.
The wyvern zombie bites you but does no damage.
The wyvern zombie bites you.
* * * LOW HITPOINT WARNING * * *
The wyvern zombie bites you!
You die...

###......†.......### #
###.........####..###...#
#...#......## #.....<...
..###......# #.##......
### #......# #.# .......
# #......# #.# ......
#......# #.# #.....#
####.### #.# ....... #
#.# #@# ....... # #.#
#Z##....... ###
##.#..$....# ..## #....#
#..## #.#.## ##..# #..#.#
##.## #.##.# #..# #. #.#
####.## .. #.#


You could see a wyvern zombie.

Vanquished Creatures
  Natasha (D:3)
  Robin (D:2)
  2 adders (D:2)
  2 worms
  A dart slug (D:1)
  An orc (D:3)
  4 endoplasms
  2 giant cockroaches (D:2)
  9 goblins
  8 hobgoblins
  9 jackals
  A quokka (D:1)
  6 ball pythons
  6 bats (D:1)
  4 frilled lizards
  5 kobolds
  3 rats
65 creatures vanquished.

Notes
Turn   | Place    | Note
-------+----------+-------------------------------------------
     0 | D:1      | issech the Troll Monk began the quest for the Orb.
     0 | D:1      | Reached XP level 1. HP: 22/22 MP: 0/0
   167 | D:1      | Found a faded altar of an unknown god.
   178 | D:1      | Reached XP level 2. HP: 29/29 MP: 1/1
   213 | D:1      | Reached skill level 3 in Maces & Flails
   458 | D:1      | Reached XP level 3. HP: 36/36 MP: 2/2
  1252 | D:2      | Found Toohisom's Antique Weapon Shop.
  1271 | D:2      | Found a shimmering blue altar of Sif Muna.
  1401 | D:2      | Noticed Sigmund
  1404 | D:2      | Noticed Robin
  1736 | D:2      | Reached XP level 4. HP: 33/44 MP: 3/3
  1750 | D:2      | Killed Robin
  1985 | D:3      | Found Ustiy's Jewellery Shop.
  2036 | D:3      | Found a sacrificial altar of Ru.
  2252 | D:3      | Found an ancient bone altar of Kikubaaqudgha.
  2390 | D:3      | Noticed Natasha
  2397 | D:3      | Killed Natasha
  2398 | D:3      | Reached skill level 4 in Maces & Flails
  2415 | D:3      | Slain by a wyvern zombie

Illustrated notes

Levels and vault maps discovered:
D:1:      lemuel_arrival_lava_pool, layout_loops_corners,
          ebering_ecumenical_altar_ruins
D:2:      layout_basic, serial_shops, shop, basic_altar, uniq_sigmund,
          uniq_robin
D:3:      layout_rooms, mainiacjoe_overflow_alcove_2,
          mainiacjoe_overflow_cross_hatched, serial_shops, shop, uniq_natasha,
          uniq_grinder

Skill      XL: |  1  2  3  4 |
---------------+-------------+-----
Maces & Flails | 3 4 |  4.1
Dodging        | 3 |  3.2
Fighting       | |  2.9
Stealth        | |  1.0

Action                   |  1- 3 |  4- 6 || total
-------------------------+-------+-------++-------
Melee: Mace              |   185 |    77 ||   262
       Punch             |       |     1 ||     1
 Stab: Sleeping          |     2 |     1 ||     3
Armor: Robe              |    88 |    26 ||   114
Dodge: Dodged            |   152 |    49 ||   201
